 Dungeon Crawl Stone Soup version 0.32-a0-540-g866d13106e (webtiles) character file.

Game seed: 18041431200606561413

22 adelrune the Vexing (level 2, 0/21 HPs)
             Began as a Coglin Hexslinger on Feb 28, 2024.
             Succumbed to an adder's poison
             ... on level 3 of the Dungeon.
             The game lasted 00:01:55 (1012 turns).

adelrune the Vexing (Coglin Hexslinger)             Turns: 1012, Time: 00:01:56

Health: 0/21       AC:  2    Str:  8    XL:     2   Next: 91%
Magic:  3/3        EV: 12    Int: 12    God:
Gold:   86         SH:  0    Dex: 16    Spells: 3/3 levels left

rFire   . . .        e - +4 hand axe (flame) {Balvinder}
rCold   . . .        (no shield)
rNeg    . . .        c - +0 robe
rPois   .            (no helmet)
rElec   .            (no cloak)
rCorr   .            (no gloves)
SInv    .            (no boots)
Will    .....        (no amulet)
Stlth   +            (ring unavailable)
HPRegen 0.23/turn    (ring unavailable)
MPRegen 0.08/turn

%: no passive effects
@: lethally poisoned (0 -> -5), revved
A: off-hand wielding, slow wielding, warmup strikes, no rings
a: no special abilities


You were on level 3 of the Dungeon.
You visited 1 branch of the dungeon, and saw 3 of its levels.

You collected 86 gold pieces.

Inventory:

Hand Weapons
 a - a +1 sling {Francisco}
 e - a +4 hand axe of flaming (weapon) {Balvinder}
Armour
 c - a +0 robe (worn)
Scrolls
 b - a scroll of poison
 f - a scroll of immolation {unknown}
 g - a scroll of teleportation {unknown}
 h - a scroll of amnesia {unknown}
Potions
 d - a potion of cancellation {unknown}
 i - a potion of curing {unknown}
 j - a potion of attraction {unknown}


   Skills:
 + Level 1.4 Fighting
 * Level 1.2 Axes
 - Level 1.8 Ranged Weapons
 + Level 2.0 Dodging
 - Level 1.0 Spellcasting
 + Level 2.9 Hexes
 - Level 0.8 Fire Magic


You had 3 spell levels left.
You didn't know any spells.
Your spell library contained the following spells:

 Spells                   Type           Power      Damage    Failure   Level
 Jinxbite                 Hex            14%        N/A       14%         2
 Sigil of Binding         Hex            7%         N/A       26%         3
 Inner Flame              Hex/Fire       5%         N/A       38%         3
 Cause Fear               Hex            3%         N/A       65%         4
 Dimensional Bullseye     Hex/Tloc       2%         N/A       86%         4


Dungeon Overview and Level Annotations

Branches:
Dungeon (3/15)

Altars:

Shops:
D:3 :

Annotations:
D:2 Sigmund


Innate Abilities, Weirdness & Mutations

You can wield a second weapon in your off-hand.
It takes a long time for you to wield or remove held weapons.
Your first few attacks do less damage.
Your grasper-arms cannot wear rings.


Message History

The ball python barely misses you.
Your Dodging skill increases to level 2!
You hit the ball python. You burn the ball python.
You kill the ball python!
Your Axes skill increases to level 1!
No target in view!
Found a sling.
You now have 86 gold pieces (gained 12).
An adder comes into view.
The adder hisses angrily.
You miss the adder. The adder bites you.
You are poisoned.
The adder poisons you!
You hit the adder. You burn the adder.
The adder is heavily wounded.
You feel sick. The adder barely misses you. The adder bites you.
You barely miss the adder.
The adder is heavily wounded.
You feel sick. The adder misses you.
You closely miss the adder.
The adder is heavily wounded.
You feel sick. The adder closely misses you. The adder bites you.
You are more poisoned.
The adder poisons you!
You are too injured to fight recklessly!
You closely miss the adder.
The adder is heavily wounded.
You feel sick. The adder barely misses you. The adder bites you.
* * * LOW HITPOINT WARNING * * *
You are lethally poisoned!
The adder poisons you!
You hit the adder. You burn the adder.
The adder is severely wounded.
* * * LOW HITPOINT WARNING * * *
You feel sick. The adder bites you but does no damage.
You slash the adder! You burn the adder.
You kill the adder!
* * * LOW HITPOINT WARNING * * *
You feel sick.
You die...

#.## ##.## ... ...##
###...##..# ...>##
#.........#
.....###)#...# #.#
......##.##.# #.###
........<...####...#
...................#
.....###.#######..)#
....## #.# #@.##
...## #.# #..# ####
#.# #..# #.# ##.#
#.# .# ##.## ##...##
.....# ###....#


There were no monsters in sight!

Vanquished Creatures
  An adder (D:3)
  An orc (D:3)
  2 hobgoblins
  2 ball pythons (D:3)
  2 bats (D:3)
  A frilled lizard (D:2)
  A goblin (D:1)
  4 rats
14 creatures vanquished.

Notes
Turn   | Place    | Note
-------+----------+-------------------------------------------
     0 | D:1      | adelrune the Coglin Hexslinger began the quest for the Orb.
     0 | D:1      | Reached XP level 1. HP: 15/15 MP: 2/2
   704 | D:2      | Noticed Sigmund
   764 | D:3      | Reached XP level 2. HP: 21/21 MP: 3/3
   792 | D:3      | Found Daiwosism's Book Boutique.
   993 | D:3      | Reached skill level 1 in Axes
  1012 | D:3      | Succumbed to an adder's poison

Illustrated notes

Levels and vault maps discovered:
D:1:      nicolae_arrival_somewhat_less_tricky_arrival, layout_rooms
D:2:      layout_basic, uniq_sigmund
D:3:      layout_loops_ring, mainiacjoe_overflow_two_lobes, serial_shops, shop,
          serial_bayou_crossing

Skill      XL: |  1  2 |
---------------+-------+-----
Dodging        | 2 |  2.0
Axes           | 1 |  1.2
Fighting       | |  1.4
Ranged Weapons | |  1.8
Spellcasting   | |  1.0
Hexes          | |  2.9
Fire Magic     | |  0.8

Action                     || total
---------------------------++-------
  Melee: Hand axe          ||    26
   Fire: Sling             ||     9
   Stab: Sleeping          ||     1
 Armour: Robe              ||    16
  Dodge: Dodged            ||    14

Table legend: (Time is in decaauts)
 A = Elapsed time spent in this place.
 B = Non-inter-level travel time spent in this place.
 C = Inter-level travel time spent in this place.
 D = Time resting spent in this place.
 E = Time spent auto-exploring this place.
 F = Levels seen in this place.
 G = Mean time per level.
                   A        B        C        D        E       F      G
               +--------+--------+--------+--------+--------+-----+--------+
         Total |   1024 |   1010 |     14 |      0 |    865 |   3 |  341.3 |
       Dungeon |   1024 |   1010 |     14 |      0 |    865 |   3 |  341.3 |
               +--------+--------+--------+--------+--------+-----+--------+

Top non-repeatable levels by time:
     D:1: 525 daAuts
     D:3: 301 daAuts
     D:2: 198 daAuts
